 Dungeon Crawl Stone Soup version 0.22.0-5-gf09313c (webtiles) character file.

1636 inmateoo the Jinx (level 8, -1/58 HPs)
             Began as a Vampire Enchanter on Aug 13, 2018.
             Was an Initiate of Makhleb.
             Shot with an arrow by a centaur (4 damage)
             ... on level 6 of the Dungeon.
             The game lasted 00:11:20 (5640 turns).

inmateoo the Jinx (Vampire Enchanter)               Turns: 5640, Time: 00:11:21

Health: -1/58      AC:  6    Str:  7    XL:     8   Next: 66%
Magic:  4/14       EV: 12    Int: 20    God:    Makhleb [......]
Gold:   189        SH:  0    Dex: 14    Spells: 3/15 levels left

rFire    . . .     SeeInvis +   o - +1 short sword (elec)
rCold    . . .     Gourm    .   (no shield)
rNeg     + . .     Faith    .   h - +0 leather armour
rPois    .         Spirit   .   r - +0 helmet
rElec    .         Reflect  .   g - +1 cloak
rCorr    .         Harm     .   (no gloves)
MR       +....                  (no boots)
Stlth    ++........             (no amulet)
HPRegen  0.19/turn              u - ring of protection from magic
MPRegen  0.14/turn              j - ring of wizardry

@: no status effects
A: fangs 3, see invisible, unbreathing
a: Bat Form, Renounce Religion


You were on level 6 of the Dungeon.
You worshipped Makhleb.
Makhleb was noncommittal.
You were not thirsty.

You visited 2 branches of the dungeon, and saw 7 of its levels.

You collected 267 gold pieces.
You spent 78 gold pieces at shops.

Inventory:

Hand Weapons
 b - a +2 dagger of venom
 n - a +0 blowgun
 o - a +1 short sword of electrocution (weapon)
Missiles
 p - 42 poisoned needles
Armour
 g - a +1 cloak (worn)
 h - a +0 leather armour (worn)
 k - a cursed +0 shield
 r - a +0 helmet (worn)
Jewellery
 j - a ring of wizardry (right hand)
 m - an uncursed ring of ice
 u - a ring of protection from magic (left hand)
Scrolls
 c - 2 scrolls of teleportation
 q - 2 scrolls of enchant armour
 x - a scroll of fear
Potions
 d - a potion of mutation
 e - a potion of brilliance
 f - 4 potions of curing
 i - 2 potions of might
 l - a potion of resistance
 s - a potion of flight
 t - a potion of ambrosia
 z - a potion of heal wounds {unknown}


   Skills:
 + Level 3.0 Fighting
 * Level 5.5 Short Blades
 - Level 2.1 Dodging
 - Level 4.4 Stealth
 - Level 4.1 Spellcasting
 - Level 12.1 Hexes


You had 3 spell levels left.
You knew the following spells:

 Your Spells              Type           Power        Failure   Level  Hunger
a - Corona                Hex            ######.      1%          1    None
b - Ensorcelled Hibernat  Hex/Ice        ####..       1%          2    #......
c - Confuse               Hex            ######..     1%          3    ###....
d - Dazzling Spray        Conj/Hex       ####..       1%          3    ###....
e - Tukima's Dance        Hex            ######..     1%          3    ###....

Your spell library contained the following spells:

 Spells                   Type           Power        Failure   Level  Hunger


Dungeon Overview and Level Annotations

Branches:
Dungeon (6/15)             Temple (1/1) D:4

Altars:
Ashenzari
Cheibriados
Dithmenos
Elyvilon
Gozag
Hepliaklqana
Makhleb
Nemelex Xobeh
Okawaru
Qazlal
Ru
Sif Muna
Trog
Vehumet
Wu Jian
Xom
Yredelemnul
Zin
The Shining One

Shops:
D:5 :*[*


Innate Abilities, Weirdness & Mutations

You have razor-sharp teeth.
You have supernaturally acute eyesight. (SInv)
You can survive without breathing.


Message History

You cannot move.
You aren't carrying any items that you can evoke.
Unknown command.
Casting: Confuse (safe; 1% risk of failure)
Confirm with . or Enter, or press ? or * to list all spells.
Aiming: Dazzling Spray (safe; 1% risk of failure)
Press: ? - help, Shift-Dir - straight line, f - phantom
Aim: a phantom (severely damaged)
The spray of energy hits the phantom.
The phantom is almost destroyed.
You feel less wooden.
Your +1 cloak unmelds from your body.
Your +0 helmet unmelds from your body.
Your +0 leather armour unmelds from your body.
The phantom blinks!
Unknown command.
Unknown command.
Unknown command.
The centaur wields an uncursed shortbow.
The centaur shoots an arrow.
The arrow hits you.
You die...

..# #.# #.. ...
#.####.## # #.#..)..#.#
#.# ..... #####
#.####.##########
......##.#..............
.......=...##.##########
......###..#W.@.......
..... ##.#..........
.### ###.#..........
#...(..#.......
#..............
#......######## #...#($#
###^#%c# #......


You could see a phantom and a centaur.

Vanquished Creatures
  Sigmund (D:5)
  Menkaure (D:5)
  Edmund (D:4)
  A sky beast (D:5)
  A phantom (D:5)
  2 bullfrogs
  A scorpion (D:6)
  A howler monkey (D:6)
  3 hounds
  3 orc priests
  A bullfrog skeleton (D:4)
  3 orc wizards
  4 worker ants
  2 hound skeletons
  A worker ant zombie (D:5)
  5 adders
  3 oozes
  An adder skeleton (D:4)
  3 worms
  2 dart slugs
  7 leopard geckos
  14 orcs
  6 giant cockroaches
  8 goblins
  5 hobgoblins
  9 jackals
  11 kobolds
  5 quokkas
  9 bats
  3 frilled lizards
  7 rats
124 creatures vanquished.

Vanquished Creatures (collateral kills)
  Pikel (D:4)
  An ogre (D:4)
2 creatures vanquished.

Grand Total: 126 creatures vanquished

Notes
Turn   | Place    | Note
-------+----------+-------------------------------------------
     0 | D:1      | inmateoo the Vampire Enchanter began the quest for the Orb.
     0 | D:1      | Reached XP level 1. HP: 13/13 MP: 3/3
     7 | D:1      | Found a sparkling altar of Nemelex Xobeh.
    26 | D:1      | Reached skill level 5 in Hexes
    35 | D:1      | Reached XP level 2. HP: 12/19 MP: 5/5
   186 | D:1      | Learned a level 2 spell: Ensorcelled Hibernation
   707 | D:1      | Reached skill level 6 in Hexes
   821 | D:1      | Reached XP level 3. HP: 21/24 MP: 6/6
  1426 | D:2      | Found a sacrificial altar of Ru.
  1782 | D:2      | Found a stormy altar of Qazlal.
  1828 | D:2      | Reached skill level 7 in Hexes
  2160 | D:2      | Reached XP level 4. HP: 30/30 MP: 7/7
  2185 | D:2      | Learned a level 3 spell: Confuse
  2518 | D:3      | Found a basalt altar of Yredelemnul.
  2518 | D:3      | Found a shadowy altar of Dithmenos.
  2535 | D:3      | Found a sparkling altar of Nemelex Xobeh.
  2535 | D:3      | Found an opulent altar of Gozag.
  3036 | D:4      | Noticed an ogre
  3038 | D:4      | Noticed Edmund
  3088 | D:4      | Reached XP level 5. HP: 29/35 MP: 7/9
  3099 | D:3      | Reached skill level 8 in Hexes
  3561 | D:3      | Learned a level 3 spell: Dazzling Spray
  3664 | D:4      | Reached XP level 6. HP: 41/41 MP: 3/11
  3732 | D:4      | Found a staircase to the Ecumenical Temple.
  3737 | D:4      | Killed Edmund
  3737 | D:4      | Reached skill level 9 in Hexes
  3833 | D:3      | Learned a level 3 spell: Tukima's Dance
  3956 | D:4      | Reached XP level 7. HP: 40/46 MP: 13/13
  3957 | D:4      | Reached skill level 10 in Hexes
  4258 | D:4      | Noticed Pikel
  4281 | D:4      | Killed Pikel
  4281 | D:4      | Reached skill level 11 in Hexes
  4467 | D:5      | Entered Level 5 of the Dungeon
  4566 | D:5      | Reached skill level 12 in Hexes
  4580 | D:5      | Reached XP level 8. HP: 53/53 MP: 8/14
  4614 | D:5      | Noticed Sigmund
  4630 | D:5      | Killed Sigmund
  4630 | D:5      | Reached skill level 1 in Fighting
  4664 | D:5      | Found Fakilama's Book Emporium.
  4683 | D:5      | Found Fiahej's Assorted Antiques.
  4690 | D:5      | Bought a glowing sapphire potion for 24 gold pieces
  4690 | D:5      | Bought a scroll of identify for 54 gold pieces
  4894 | D:5      | Noticed Menkaure
  4922 | D:5      | Killed Menkaure
  5030 | D:5      | Found Itweceg's General Store.
  5037 | D:5      | Found Iceguol's Armour Shop.
  5111 | Temple   | Entered the Ecumenical Temple
  5148 | Temple   | Became a worshipper of Makhleb the Destroyer
  5335 | D:6      | Reached skill level 5 in Short Blades
  5634 | D:6      | HP: 3/87 [phantom (6)]
  5640 | D:6      | Shot with an arrow by a centaur

Skill      XL: |  1  2  3  4  5  6  7  8 |
---------------+-------------------------+-----
Hexes          | 5 6 7 8 9 12 | 12.1
Spellcasting   | 3 4 |  4.1
Short Blades   | 2 5 |  5.5
Fighting       | 3 |  3.0
Dodging        | |  2.1
Stealth        | |  4.4

Action                   |  1- 3 |  4- 6 |  7- 9 || total
-------------------------+-------+-------+-------++-------
Melee: Dagger            |   137 |    10 |    65 ||   212
       Bite              |    18 |    13 |    13 ||    44
       Short sword       |       |   125 |   121 ||   246
       Unarmed           |       |       |     1 ||     1
 Cast: Ensorcelled Hiber |     7 |       |       ||     7
       Confuse           |       |     5 |    16 ||    21
       Dazzling Spray    |       |     2 |     1 ||     3
       Tukima's Dance    |       |       |     3 ||     3
  Use: Scroll            |     6 |     5 |     5 ||    16
       Potion            |     1 |       |     1 ||     2
 Stab: Sleeping          |    10 |     8 |     2 ||    20
       Confused          |       |     2 |     7 ||     9
       Invisible         |       |     1 |       ||     1
  Eat: Corpse            |     6 |     7 |    10 ||    23
Armor: Robe              |    30 |       |       ||    30
       Leather armour    |    11 |    65 |    59 ||   135
       Skin              |       |       |    23 ||    23
Dodge: Dodged            |    89 |    90 |    91 ||   270
